 Dungeon Crawl Stone Soup version 0.17.1-3-g152610e (webtiles) character file.

94 Gargoyl the Skirmisher (level 4, -13/37 HPs)
             Began as a Demonspawn Abyssal Knight on Feb 20, 2016.
             Was a Believer of Lugonu.
             Killed by divine providence
             ... invoked by an orc priest
              (16 damage)
             ... on level 3 of the Dungeon.
             The game lasted 00:04:23 (2110 turns).

Gargoyl the Skirmisher (Demonspawn Abyssal Knight)  Turns: 2110, Time: 00:04:24

Health: -13/37     AC: 11    Str: 14    XL:     4   Next: 38%
Magic:  6/6        EV:  3    Int: 13    God:    Lugonu [**....]
Gold:   135        SH:  3    Dex: 12    Spells: 0 memorised, 3 levels left

rFire  . . .     SeeInvis .     a - +1 hand axe
rCold  + . .     Clarity  .     d - +0 plate armour
rNeg   . . .     SustAt   .     n - +0 buckler
rPois  .         Gourm    .     (helmet restricted)
rElec  .         Spirit   .     (no cloak)
rCorr  .         Warding  .     (no gloves)
rMut   .         Stasis   .     (no boots)
MR     .....                    (no amulet)
Stlth  ..........               (no ring)
                                p - ring of protection from cold

@: not resistant to hostile enchantments, extremely unstealthy
A: claws 1, horns 1, talons 1
a: Depart the Abyss, Bend Space, Renounce Religion


You were on level 3 of the Dungeon.
You worshipped Lugonu.
Lugonu was pleased with you.
You were not hungry.

You visited 1 branch of the dungeon, and saw 3 of its levels.
You visited the Abyss 1 time.

You collected 135 gold pieces.

Inventory:

Hand Weapons
 a - a +1 hand axe (weapon)
Armour
 d - a +0 plate armour (worn)
 n - a +0 buckler (worn)
Jewellery
 p - a ring of protection from cold (left claw)
Scrolls
 e - 3 scrolls of identify
 g - 3 scrolls of magic mapping
 q - a scroll of enchant armour {unknown}
Potions
 f - a potion of lignification
 i - 3 potions of haste
 j - a potion of resistance {unknown}
 k - a potion of agility {unknown}
 l - a potion of heal wounds {unknown}
 m - a potion of brilliance {unknown}
Comestibles
 c - a bread ration
 o - a beef jerky


   Skills:
 + Level 3.8 Fighting
 + Level 2.4 Axes
 + Level 2.5 Armour
 + Level 1.1 Dodging
 + Level 0.4 Stealth
 + Level 3.4 Invocations


You had 3 spell levels left.
You didn't know any spells.

Dungeon Overview and Level Annotations

Branches:
Dungeon (3/15)

Altars:
Cheibriados
Gozag
Trog

Portals:
Sewer: D:3


Innate Abilities, Weirdness & Mutations

You have sharp fingernails.
You have a pair of small horns on your head.
You have sharp toenails.


Message History

The orc priest calls down the wrath of Beogh upon you.
Something smites you!
You closely miss the river rat. You claw the river rat.
You headbutt the river rat.
The river rat is moderately wounded.
The river rat bites you.
* * * LOW HITPOINT WARNING * * *
You closely miss the river rat.
You headbutt the river rat, but do no damage.
The river rat is moderately wounded.
The river rat bites you!
* * * LOW HITPOINT WARNING * * *
You block the river rat's attack.
You hit the river rat but do no damage.
You claw the river rat, but do no damage.
The river rat is lightly wounded.
The river rat bites you but does no damage.
The orc priest mumbles some strange prayers to Beogh against you.
Something smites you!
You die...

*,,,,,*****,* *,*****###*,***
#####.## #..,,,,***
####...>..# #.#*,*,,,#******
#.........# #.#*,,,#..,,,,,*
#.##.#..#%# #$#*,,....,,,,,*
#.##....#.#####.#*,.....,,,,,*
#.##..#.#.#.....##r...≈≈≈,,,**
..#.#.##..#.....@rrr.≈≈≈≈≈,,*
.......÷........##oo.≈≈∩≈≈,,*
.#.#####.##.....#*,..≈≈≈≈≈,,*
##.# #.##.....#*,,..≈≈≈,,,*
##.# #.########*,,,...,,,,*
#<# #.# *,,,,..,,,,*
#.#***#.#** ****,,.,,,**
#..,,,...,* *,,*****
###***###,* ########.**


You could see an orc priest, 2 river rats, an orc and 2 rats.

Vanquished Creatures
  3 adders
  A worm (D:3)
  4 giant cockroaches
  7 goblins
  11 hobgoblins
  3 quokkas (D:2)
  3 ball pythons
  10 bats
  4 giant newts
  8 kobolds
  6 rats
60 creatures vanquished.

Notes
Turn   | Place    | Note
--------------------------------------------------------------
     0 | Abyss:1  | Gargoyl the Demonspawn Abyssal Knight began the quest for the Orb.
     0 | Abyss:1  | Reached XP level 1. HP: 18/18 MP: 2/2
   174 | Abyss:1  | Noticed a large abomination
   192 | Abyss:1  | Noticed a giant orange brain
   194 | D:1      | Escaped the Abyss
   218 | D:1      | Reached * piety under Lugonu
   384 | D:1      | Gained mutation: You have sharp fingernails. [demonic ancestry]
   384 | D:1      | Reached XP level 2. HP: 21/24 MP: 3/3
  1013 | D:1      | Gained mutation: You have a pair of small horns on your head. [demonic ancestry]
  1013 | D:1      | Reached XP level 3. HP: 24/29 MP: 5/5
  1056 | D:1      | Reached ** piety under Lugonu
  1227 | D:2      | Reached skill level 1 in Dodging
  1489 | D:2      | Found a bloodstained altar of Trog.
  1671 | D:2      | Found a snail-covered altar of Cheibriados.
  1672 | D:2      | Found an opulent altar of Gozag.
  1797 | D:3      | Gained mutation: You have sharp toenails. [demonic ancestry]
  1797 | D:3      | Reached XP level 4. HP: 30/37 MP: 6/6
  2095 | D:3      | Found a glowing drain.
  2110 | D:3      | Killed from afar by an orc priest

Action                   |  1- 3 |  4- 6 || total
-------------------------+-------+-------++-------
Melee: Hand axe          |   170 |    37 ||   207
Invok: Depart the Abyss  |     1 |       ||     1
  Use: Scroll            |     4 |       ||     4
       Potion            |       |     1 ||     1
  Eat: Bread ration      |     1 |       ||     1
       Chunk             |     1 |       ||     1
